Friederike the Lovely Bitch, lawful female human Samurai ------------ -------- |..........| |......-#### #...........| |......| # ----- ###|..........| |......| ### #..(.|######-..........| |......| # ###|...|#### |..........| ----- |......| ### # |...|## |.>........| |...| -.------ ##### ### |...-## ------------ |...+# # ## ------# # -----# |...|# ### #......################### |..`.# #### ###|....|# |...|#######################.....|### ## -----# # ##### --.---### ---.- ### # # #### # #-...| # -------.----# ################### ###|...I## ### |...........# # --.---- # |...| # |..........| |.....-####### |...+ ##..........`| +<....| ----- ------------ ------- Friederike the Lovely Bitch the Ronin Experience level: 5 Strength: 14 Dexterity: 12 Constitution: 18 Intelligence: 11 Wisdom: 11 Charisma: 8 Health: 0(45) Energy: 22(22) Def: 7 Gold: 988 Moves: 2806 Dungeon seed: VSewIUoxZf00_1aI Game ID: Friederike the Lovely Bitch_1466928353 Your Inventory: Coins $ - 988 gold pieces Weapons a - an uncursed +0 katana (weapon in hand) b - a blessed +0 wakizashi (alternate weapon; not wielded) c - an uncursed +0 yumi d - 26 uncursed +0 ya (in quiver) Armor e - an uncursed rustproof +0 splint mail (being worn) q - an uncursed +0 orcish helm (being worn) Comestibles f - 4 uncursed gunyoki v - an uncursed melon w - an uncursed orange B - 2 uncursed grapes Tools l - an uncursed sack Gems r - an uncursed worthless piece of yellow glass Contents of the sack: an uncursed scroll of enchant armor an uncursed scroll of enchant weapon an uncursed scroll of teleportation an uncursed potion of confusion a blessed potion of fruit juice a potion of holy water an uncursed potion of levitation an uncursed potion of object detection an uncursed wand of light (0:14) an uncursed opal an uncursed worthless piece of green glass an uncursed worthless piece of orange glass Spells and supernatural/magical abilities: Name Level Category Fail Memory W - pray for help -- divine ? -- Your skills at the end: Fighting Skills martial arts [Basic] wands [Basic] Weapon Skills short sword [Basic] long sword [Skilled] bow [Basic] Spellcasting Skills Final Attributes: You were piously aligned. You were blinded. You were fast. You are dead. Vanquished creatures: an imp a shrieker a giant ant a kobold shaman 2 hill orcs a giant bat an orc zombie an iguana 3 coyotes a large kobold a hobgoblin 5 giant rats 2 green molds a gnome zombie 4 geckos 4 jackals 2 foxes a kobold 2 goblins 6 grid bugs a lichen 5 newts 47 creatures vanquished. Voluntary challenges: You used a wielded weapon 74 times, starting on turn 51. You read items or engraved 57 times, starting on turn 322. You never genocided any monsters. You never polymorphed an object. You never changed form. You used no wishes. You never split a pudding. You wrote Elbereth's name 48 times, starting on turn 323. You never violated your personal moral code. Dungeon overview: The Dungeons of Doom: levels 1 to 9 Level 1 a long staircase Level 2 a general store, a fountain Level 3 Level 4 a fountain a long staircase Level 5 an altar to Susanowo, a fountain Level 6 a weapon shop, a fountain Level 7 Level 8 many fountains Level 9 <- You were here History has recorded: On T:1 you entered the Dungeons of Doom to retrieve the Amulet of Yendor! On T:248 you reached level 2 of The Dungeons of Doom. On T:278 you advanced to experience level 2. On T:416 you reached level 3 of The Dungeons of Doom. On T:541 you advanced to experience level 3. On T:656 you reached level 4 of The Dungeons of Doom. On T:923 you reached level 5 of The Dungeons of Doom. On T:1186 you reached level 6 of The Dungeons of Doom. On T:1189 you advanced to experience level 4. On T:1469 you reached level 7 of The Dungeons of Doom. On T:1937 you reached level 8 of The Dungeons of Doom. On T:2255 you advanced to experience level 5. On T:2312 you reached level 9 of The Dungeons of Doom. Score breakdown: Gold: 988 (10188 points) Experience: 5 levels (11141 points) Exploration: 9 levels ( 17.31%) (11881 points) Discoveries: 2 items ( 0.80%) ( 2688 points) Valuables value: (no points given unless you survive) Artifact value: 0 ( 0 points) Variety of kills: 22 monsters ( 5.74%) ( 7190 points) Turncount: 2806 turns ( -501 points) Survival: died (score multiplied by 80%) Total score: 34069 Latest messages: As you kick the door, it crashes open! You see here 2 grapes. B - 2 grapes. You are carrying too much to get through. The door opens. You stop running. (4x) The door opens. You miss the kobold shaman. You stop running. The kobold shaman casts a spell! The sleep ray hits you! (18x) It bites! The combat suddenly awakens you. You write in the dust with your fingers. You add to the writing in the dust with your fingers. (2x) The gecko turns to flee! The kobold shaman turns to flee! The kobold shaman casts a spell! The sleep ray hits you! (7x) You are caught in the fireball! It hits! You die... Final status: Sayonara Friederike the Lovely Bitch the Samurai, killed by a jaguar, while sleeping... You died in The Dungeons of Doom on dungeon level 9 with 34069 points, and 988 pieces of gold, after 2806 moves. You were level 5 with a maximum of 45 hit points when you died.